 Dungeon Crawl Stone Soup version 0.31.0-11-ge490571c62 (webtiles) character file.

Game seed: 13275515928383925030

126 Wiggles the Chopper (level 4, -4/41 HPs)
             Began as a Minotaur Berserker on Jan 31, 2024.
             Was a Believer of Trog.
             Slain by a gnoll
             ... wielding a +0 spear
              (6 damage)
             ... on level 3 of the Dungeon.
             The game lasted 00:02:50 (1687 turns).

Wiggles the Chopper (Minotaur Berserker)            Turns: 1687, Time: 00:02:51

Health: -4/41      AC:  5    Str: 24    XL:     4   Next: 83%
Magic:  3/3        EV: 11    Int:  4    God:    Trog [**....]
Gold:   71         SH:  0    Dex:  9    Spells: 3/3 levels left

rFire   . . .        a - +0 hand axe
rCold   . . .        (no shield)
rNeg    . . .        f - +0 ring mail
rPois   .            (helmet restricted)
rElec   .            (no cloak)
rCorr   .            (no gloves)
SInv    .            (no boots)
Will    .....        (no amulet) Stlth
                     (no ring)
HPRegen 0.26/turn    (no ring)
MPRegen 0.08/turn

%: no passive effects
@: on berserk cooldown, slowed, very slow
A: horns 2, retaliatory headbutt
a: Renounce Religion, Berserk, Trog's Hand


You were on level 3 of the Dungeon.
You worshipped Trog.
Trog was pleased with you.
You visited 1 branch of the dungeon, and saw 3 of its levels.

You collected 71 gold pieces.

Inventory:

Hand Weapons
 a - a +0 hand axe (weapon)
Armour
 f - a +0 ring mail (worn)
Scrolls
 b - 3 scrolls of amnesia {unknown}
 e - a scroll of fear {unknown}
 g - a scroll of brand weapon {unknown}
 h - 2 scrolls of teleportation {unknown}
 i - a scroll of vulnerability {unknown}
 j - a scroll of identify {unknown}
Potions
 c - a potion of curing {unknown}
 d - a potion of degeneration {unknown}


   Skills:
 + Level 4.5 Fighting
 + Level 5.1 Axes
 + Level 4.0 Armour
 + Level 2.3 Dodging


You had 3 spell levels left.
You didn't know any spells.
Your spell library was empty.

Dungeon Overview and Level Annotations

Branches:
Dungeon (3/15)

Altars:

Shops:
D:1 *


Innate Abilities, Weirdness & Mutations

You have a pair of horns on your head.
You reflexively headbutt those who attack you in melee.


Message History

Trog accepts your kill.
Your Armour skill increases to level 4!
You slash the gnoll!
The gnoll is heavily wounded.
You feel sick. The gnoll closely misses you.
You barely miss the gnoll.
The gnoll is heavily wounded.
You feel sick.
You hit the gnoll.
The gnoll is severely wounded.
You feel sick.
A gnoll comes into view. It is wielding a +0 spear.
The gnoll barely misses you.
You slash the gnoll!
You feel the power of Trog in you as your rage grows.
You kill the gnoll!
Trog accepts your kill.
You feel sick.
You feel sick.
Things that are here:
a +0 flail of pain; a +0 halberd; a gnoll corpse A gnoll comes into view.
It is wielding a +0 halberd.
You feel a strong urge to attack something.
You are no longer berserk.
You are exhausted.
You feel yourself slow down.
The gnoll shouts!
You feel sick. The gnoll hits you but does no damage.
The gnoll hits you from afar with a +0 spear.
Found 2 scrolls labelled FIOFFE JIST.
You feel sick.
You are no longer poisoned.
The gnoll completely misses you. The gnoll barely misses you.
The gnoll hits you from afar with a +0 halberd!
* * * LOW HITPOINT WARNING * * *
The gnoll hits you with a +0 spear.
* * * LOW HITPOINT WARNING * * *
The gnoll barely misses you. The gnoll hits you with a +0 spear.
You die...

................#
....##|#########
.#..##)# #..#))#
#..#)## #..#.#
#.?#.# #....#
##g@.# #.....g#
........##
#######.# #.# ..#
###


You could see 2 gnolls.

Vanquished Creatures
  5 gnolls
  An adder (D:2)
  2 dart slugs (D:2)
  2 ribbon worms (D:2)
  An orc (D:3)
  A bat (D:3)
  2 endoplasms (D:2)
  9 goblins
  6 hobgoblins
  6 jackals (D:1)
  6 kobolds
  3 quokkas
  5 ball pythons
  2 frilled lizards (D:2)
  4 rats
55 creatures vanquished.

Notes
Turn   | Place    | Note
-------+----------+-------------------------------------------
     0 | D:1      | Wiggles the Minotaur Berserker began the quest for the Orb.
     0 | D:1      | Reached XP level 1. HP: 19/19 MP: 0/0
   308 | D:1      | Reached XP level 2. HP: 21/27 MP: 1/1
   311 | D:1      | Reached skill level 4 in Axes
   353 | D:1      | Found Boriedghe's General Store.
   403 | D:1      | Found a faded altar of an unknown god.
   690 | D:2      | Reached XP level 3. HP: 33/33 MP: 2/2
  1187 | D:2      | Reached ** piety under Trog
  1221 | D:2      | Reached XP level 4. HP: 33/41 MP: 3/3
  1675 | D:3      | Reached skill level 5 in Axes
  1686 | D:3      | HP: 2/41 [gnoll/+0 spear (4)]
  1687 | D:3      | Slain by a gnoll

Illustrated notes

Levels and vault maps discovered:
D:1:      heliophobic_arrival_enchanted_forest, layout_loops_ring, serial_shops,
          nicolae_shop_trees, hellmonk_ecumenical_altar_run_dry
D:2:      layout_loops_ring, uniq_robin
D:3:      layout_loops_ring, lemuel_zombie_altar_yredelemnul

Skill      XL: |  1  2  3  4 |
---------------+-------------+-----
Fighting       | 4 |  4.5
Axes           | 4 5 |  5.1
Armour         | 3 4 |  4.0
Dodging        | |  2.3

Action                     |  1- 3 |  4- 6 || total
---------------------------+-------+-------++-------
  Melee: Hand axe          |    78 |    41 ||   119
         Headbutt          |     5 |     2 ||     7
         Punch             |     1 |       ||     1
 Invoke: Berserk           |     1 |     1 ||     2
 Armour: Ring mail         |    41 |    28 ||    69
         Animal skin       |     3 |       ||     3
  Dodge: Dodged            |    39 |    25 ||    64
